 Dungeon Crawl Stone Soup version 0.29.1-12-g30fa7ad0bf (webtiles) character file.

Game seed: 16386089818015432908

62 FexLirch the Vexing (level 3, -1/18 HPs)
             Began as a Spriggan Arcane Marksman on Jan 13, 2023.
             Killed by divine providence
             ... invoked by an orc priest
              (15 damage)
             ... on level 3 of the Dungeon.
             The game lasted 00:02:39 (1832 turns).

FexLirch the Vexing (Spriggan Arcane Marksman)      Turns: 1832, Time: 00:02:40

Health: -1/18      AC:  2    Str:  6    XL:     3   Next: 85%
Magic:  7/7        EV: 18    Int: 16    God:
Gold:   97         SH:  0    Dex: 15    Spells: 2/6 levels left

rFire   . . .      SeeInvis +   a - +1 sling
rCold   . . .      Faith    .   (no shield)
rNeg    . . .      Spirit   .   c - +0 robe
rPois   .          Reflect  .   (helmet restricted)
rElec   .          Harm     .   (no cloak)
rCorr   .          Rampage  .   (gloves unavailable)
Will    .....                   (boots unavailable)
Stlth   +.........              (no amulet)
HPRegen 0.06/turn               (no ring)
MPRegen 0.10/turn               (no ring)

@: very quick
A: very small, no large weapons, unfitting armour, see invisible, speed 3
a: no special abilities


You were on level 3 of the Dungeon.
You visited 1 branch of the dungeon, and saw 3 of its levels.

You collected 97 gold pieces.

Inventory:

Hand Weapons
 a - a +1 sling (weapon)
 l - a +1 dagger of electrocution
Armour
 c - a +0 robe (worn)
Jewellery
 i - an amulet of faith
Scrolls
 b - a scroll of poison
 f - a scroll of vulnerability {unknown}
 g - 3 scrolls of blinking
 h - a scroll of butterflies {unknown}
 j - 3 scrolls of identify {unknown}
Potions
 d - 4 potions of heal wounds {unknown}
 e - 3 potions of curing {unknown}
 k - 2 potions of lignification {unknown}
 m - 2 potions of brilliance {unknown}
 n - a potion of mutation {unknown}
 o - a potion of haste {unknown}


   Skills:
 + Level 1.4 Fighting
 * Level 2.9 Ranged Weapons
 + Level 3.4 Dodging
 + Level 2.1 Spellcasting
 + Level 4.0 Hexes


You had 2 spell levels left.
You knew the following spells:

 Your Spells              Type           Power      Damage    Failure   Level
a - Slow                  Hex            56%        N/A       3%          1
b - Inner Flame           Hex/Fire       8%         N/A       26%         3

Your spell library contained the following spells:

 Spells                   Type           Power      Damage    Failure   Level
 Portal Projectile        Hex/Tloc       16%        N/A       26%         3
 Cause Fear               Hex            7%         N/A       36%         4
 Gell's Gravitas          Tloc           1%         N/A       52%         3
 Teleport Other           Tloc           1%         N/A       52%         3
 Dispersal                Tloc           0%         N/A       100%        6


Dungeon Overview and Level Annotations

Branches:
Dungeon (3/15)

Altars:


Innate Abilities, Weirdness & Mutations

You are very small and have problems with some larger weapons.
You are too small for most types of armour.
You have supernaturally acute eyesight. (SInv)
You cover ground extremely quickly. (Speed+++)


Message History

Press: ? - help, Q - select action, (/) - cycle Shift-Dir - straight line, f/p - orc
Aim: an orc, wielding a +0 short sword and wearing a +0 leather armour (severely wounded, 57% to hit)
You shoot a sling bullet. The sling bullet hits the orc.
You kill the orc!
A goblin comes into view. It is wielding a +0 dagger.
Fire: a) +1 sling
Press: ? - help, Q - select action, (/) - cycle Shift-Dir - straight line, f - orc priest
Aim: an orc priest, wielding a +0 hand axe (lightly wounded, slow, 57% to hit)
You shoot a sling bullet. The goblin shouts!
The sling bullet hits the orc.
The orc is almost dead.
Found a leather armour.
Fire: a) +1 sling
Press: ? - help, Q - select action, (/) - cycle Shift-Dir - straight line, f - orc
Aim: an orc, wielding a +0 mace (almost dead, 57% to hit)
You shoot a sling bullet. The sling bullet hits the orc.
You kill the orc!
Fire: a) +1 sling
Press: ? - help, Q - select action, (/) - cycle Shift-Dir - straight line, f - goblin
Aim: a goblin, wielding a +0 dagger (50% to hit)
You shoot a sling bullet.
The sling bullet closely misses the goblin.
Fire: a) +1 sling
Press: ? - help, Q - select action, (/) - cycle Shift-Dir - straight line, f/p - goblin
Aim: a goblin, wielding a +0 dagger (50% to hit)
You shoot a sling bullet.
The sling bullet closely misses the goblin.
Fire: a) +1 sling
Press: ? - help, Q - select action, (/) - cycle Shift-Dir - straight line, f - orc priest, p - goblin
Aim: an orc priest, wielding a +0 hand axe (lightly wounded, slow, 57% to hit)
You shoot a sling bullet.
The sling bullet closely misses the goblin.
The sling bullet barely misses the orc priest.
The orc priest is no longer moving slowly.
The goblin misses you.
The orc priest mumbles some strange prayers to Beogh against you.
Beogh smites you!
Ouch! That really hurt!
You die...

###......## #........#
#....###.########........#
.
..##..g....†##.o)........#
.#
....#####...).##>.......#
# .. #...o########o#####
#.##.# .# #. #g###### .# .
#.....[# . #. #.@....# . #
#......# ### ........#
..###......# .....$..>.#
#############.......(#
.♣.8.8.8.♣.8.........#
.....................#
.♣.8.8.8.8.8....)#####


You could see an orc priest and a goblin.

Vanquished Creatures
  A worm (D:2)
  2 dart slugs (D:1)
  3 orcs (D:3)
  2 bats
  6 endoplasms
  2 giant cockroaches (D:1)
  7 goblins
  4 hobgoblins
  3 kobolds
  9 ball pythons
  3 frilled lizards (D:1)
  4 rats
46 creatures vanquished.

Notes
Turn   | Place    | Note
-------+----------+-------------------------------------------
     0 | D:1      | FexLirch the Spriggan Arcane Marksman began the quest for
                  | the Orb.
     0 | D:1      | Reached XP level 1. HP: 9/9 MP: 3/3
   158 | D:1      | Reached skill level 1 in Fighting
   165 | D:1      | Reached XP level 2. HP: 14/14 MP: 5/5
   317 | D:1      | Reached XP level 3. HP: 17/18 MP: 6/6
   812 | D:1      | Learned a level 3 spell: Inner Flame
  1155 | D:2      | Reached skill level 4 in Hexes
  1832 | D:3      | Killed from afar by an orc priest

Illustrated notes

Levels and vault maps discovered:
D:1:      dpeg_arrival_boxes_within_box, layout_basic
D:2:      layout_loops_ring, minmay_liquid_box
D:3:      layout_rooms, cheibrodos_sewer_entry_bend, chequers_avenue

Skill      XL: |  1  2  3 |
---------------+----------+-----
Fighting       | 1 |  1.4
Dodging        | 3 |  3.4
Spellcasting   | 2 |  2.1
Hexes          | 4 |  4.0
Ranged Weapons | |  2.9

Action                   || total
-------------------------++-------
 Fire: Sling             ||   127
 Cast: Slow              ||     5
  Use: Scroll            ||     1
Armor: Robe              ||     4
Dodge: Dodged            ||    23
